 Dungeon Crawl Stone Soup version 0.21-a0-344-g2144152 (webtiles) character file.

769 tidbits the Charmwright (level 7, 29/56 HPs)
             Began as a Gnoll Skald on Oct 5, 2017.
             Quit the game on level 6 of the Dungeon.
             The game lasted 00:10:17 (1544 turns).

tidbits the Charmwright (Gnoll Skald)               Turns: 1544, Time: 00:10:18

Health: 29/56      AC:  5    Str: 14    XL:     7   Next: 82%
Magic:  15/15      EV: 13    Int: 17    God:
Gold:   198        SH:  0    Dex: 14    Spells: 6/17 levels left

rFire    . . .     SeeInvis .   f - -2 bardiche (curse)
rCold    . . .     Gourm    .   (shield currently unavailable)
rNeg     . . .     Faith    .   B - +0 ring mail (curse)
rPois    .         Spirit   .   (no helmet)
rElec    .         Reflect  .   (no cloak)
rCorr    .         Harm     .   (no gloves)
MR       .....                  (no boots)
Stlth    ++........             (no amulet)
HPRegen  0.18/turn              (no ring)
MPRegen  0.14/turn              (no ring)

@: no status effects
A: distributed training, fangs 1, strong nose
a: no special abilities


You were on level 6 of the Dungeon.
You were hungry.

You visited 1 branch of the dungeon, and saw 6 of its levels.

You collected 198 gold pieces.

Inventory:

Hand Weapons
 a - a +0 hand axe
 f - a cursed -2 bardiche (weapon)
 u - a cursed -3 hand axe
 z - a +3 halberd
Missiles
 m - 43 arrows
Armour
 b - a +0 leather armour
 o - a +0 shield
 B - a cursed +0 ring mail (worn)
Wands
 C - a wand of digging (11/24)
Scrolls
 h - a scroll of immolation {unknown}
 i - 2 scrolls of enchant weapon
 j - 4 scrolls of teleportation
 l - 3 scrolls of identify
 n - 2 scrolls of remove curse {unknown}
 x - a scroll of brand weapon {unknown}
 y - a scroll of enchant armour {unknown}
Potions
 e - 2 potions of resistance
 k - a potion of curing
 p - 2 potions of agility
 q - 3 potions of flight
 r - a potion of magic {unknown}
 s - 2 potions of mutation {unknown}
 v - 2 potions of lignification {unknown}
 w - a potion of ambrosia {unknown}
Books
 c - a book of Battle

   Spells                             Type                      Level
   a - Infusion                       Charms                       1
   b - Shroud of Golubria             Charms/Translocation         2
   c - Song of Slaying                Charms                       2
   d - Spectral Weapon                Hexes/Charms                 3
   e - Regeneration                   Charms/Necromancy            3
Comestibles
 d - 7 bread rations
 g - 2 fruits
 t - a royal jelly
 A - 2 chunks of flesh


   Skills:
 + Level 5.3 Fighting
 + Level 2.6 Short Blades
 + Level 2.6 Long Blades
 + Level 5.3 Axes
 + Level 2.6 Maces & Flails
 + Level 2.6 Polearms
 + Level 2.6 Staves
 + Level 2.6 Slings
 + Level 2.6 Bows
 + Level 2.6 Crossbows
 + Level 2.6 Throwing
 + Level 3.7 Armour
 + Level 5.3 Dodging
 + Level 2.6 Stealth
 + Level 2.6 Shields
 + Level 2.6 Unarmed Combat
 + Level 5.7 Spellcasting
 + Level 2.6 Conjurations
 + Level 2.6 Hexes
 + Level 7.1 Charms
 + Level 2.6 Summonings
 + Level 2.6 Necromancy
 + Level 2.6 Translocations
 + Level 2.6 Transmutations
 + Level 2.6 Fire Magic
 + Level 2.6 Ice Magic
 + Level 2.6 Air Magic
 + Level 2.6 Earth Magic
 + Level 2.6 Poison Magic
 + Level 2.6 Invocations
 + Level 2.6 Evocations


You had 6 spell levels left.
You knew the following spells:

 Your Spells              Type           Power        Failure   Level  Hunger
g - Shroud of Golubria    Chrm/Tloc      ###.......   4%          2    #......
i - Infusion              Chrm           ####         1%          1    None
r - Regeneration          Chrm/Necr      ###.......   10%         3    ##.....
s - Song of Slaying       Chrm           ####....     1%          2    #......
w - Spectral Weapon       Hex/Chrm       ###.....     10%         3    ##.....


Dungeon Overview and Level Annotations

Branches:
Dungeon (6/15)
 Temple: D:4-7

Altars:
Dithmenos
Elyvilon
Ru


Innate Abilities, Weirdness & Mutations

Your experience applies equally to all skills.
You have very sharp teeth.
Your uncanny sense of smell can sniff out nearby items.


Message History

The centaur is lightly wounded.
Your spectral weapon hits the centaur from afar!
The centaur hits you.
* * * LOW HITPOINT WARNING * * *
The centaur closely misses you. x2
You slash the centaur!
You kill the centaur!
Things that are here:
an uncursed shortbow; a centaur corpse You butcher the centaur corpse.
Your spectral weapon fades away.
A - 3 chunks of flesh
Things that are here:
an uncursed shortbow; a centaur skeleton
C - a wand of digging (?/24) Eat one of 3 chunks of flesh? (ye/n/q)
You eat one of the 3 chunks of flesh.
This raw flesh tastes terrible.
A gnoll comes into view. It is wielding a spear.
The gnoll moves out of view.
A gnoll comes into view.
The gnoll shouts!
You hear a shout!
Found a shadowy altar of Dithmenos.
A gnoll comes into view. It is wielding a club.
The gnoll shouts!
The gnoll barely misses you. The gnoll hits you but does no damage.
Casting: Spectral Weapon
Confirm with . or Enter, or press ? or * to list all spells.
You draw out your weapon's spirit!
The gnoll barely misses you. The gnoll closely misses you.
A giant cockroach comes into view.
You are too injured to fight recklessly!
You are too injured to fight recklessly!
You are too injured to fight recklessly!
You are too injured to fight recklessly!
You are too injured to fight recklessly!
Your ring mail prevents you from hitting the gnoll.
Your spectral weapon hits the gnoll from afar!!
You kill the gnoll!
The gnoll completely misses you. The gnoll misses you.
The gnoll hits you with a club.
* * * LOW HITPOINT WARNING * * *
You hit the gnoll.
The gnoll is lightly wounded.
Your spectral weapon barely misses the gnoll.
The giant cockroach misses you.
The gnoll hits you from afar with a spear.
* * * LOW HITPOINT WARNING * * *
The gnoll barely misses you. The giant cockroach closely misses you.
The gnoll hits you but does no damage. The giant cockroach barely misses you.
The gnoll barely misses you.
You completely miss the gnoll.
The gnoll is lightly wounded.
Your spectral weapon hits the gnoll!
You kill the gnoll!
The giant cockroach bites you but does no damage.
The gnoll closely misses you. The gnoll barely misses you.
The giant cockroach misses you.
Attack whom?
Press: ? - help, Dir - move target cursor, f - gnoll
Aim: a gnoll, wielding a spear You reach to attack!
You slice the gnoll!!
You kill the gnoll!
The giant cockroach bites you but does no damage.
The giant cockroach barely misses you.
Attack whom?
Press: ? - help, Dir - move target cursor, f - giant cockroach
Aim: a giant cockroach (clinging)
You slash the giant cockroach!
You kill the giant cockroach!
Things that are here:
a club; a gnoll corpse You hear the slow rusting of a very distant drain.
You see here a spear.
Found 9 gold pieces.
You feel your bond with your spectral weapon wane.
You are feeling hungry.
Found a stone staircase leading down.
You now have 187 gold pieces (gained 9).
Found 22 sling bullets.
A bullfrog comes into view.
The bullfrog gives a loud, deep croak!
Casting: Spectral Weapon
Confirm with . or Enter, or press ? or * to list all spells.
You draw out your weapon's spirit!
The bullfrog hits you.
* * * LOW HITPOINT WARNING * * *
You are too injured to fight recklessly!
You are too injured to fight recklessly!
You are too injured to fight recklessly!
You are too injured to fight recklessly!
You are too injured to fight recklessly!
You slash the bullfrog!
The bullfrog is severely wounded.
Your spectral weapon hits the bullfrog from afar!
You kill the bullfrog!
You swap places.
Found 11 gold pieces.
You hear the slow rusting of a very distant drain.
You now have 198 gold pieces (gained 11).
Are you sure you want to abandon this character and quit the game? (Confirm with "yes".)

###
##@#
#.(#
##.##
#..#
##.##
##..#
#..##
#.#
##.##
..#
#..#


You could see a friendly spectral enchanted bardiche.

Vanquished Creatures
  An ogre (D:5)
  A phantom (D:6)
  A centaur (D:6)
  A bullfrog (D:6)
  3 wights (D:6)
  2 hounds
  An orc wizard (D:4)
  2 orc priests (D:4)
  Jessica (D:3)
  Natasha (D:3)
  A worker ant (D:4)
  3 gnolls (D:6)
  An adder (D:5)
  An ooze (D:3)
  An adder skeleton (D:5)
  2 worms
  A dart slug (D:4)
  4 leopard geckos (D:2)
  8 orcs
  5 giant cockroaches
  2 goblins
  2 hobgoblins
  4 jackals (D:1)
  4 kobolds
  2 quokkas
  7 bats
  A frilled lizard (D:3)
  2 rats (D:1)
65 creatures vanquished.

Notes
Turn   | Place    | Note
-------+----------+-------------------------------------------
     0 | D:1      | tidbits the Gnoll Skald began the quest for the Orb.
     0 | D:1      | Reached XP level 1. HP: 20/20 MP: 6/6
    94 | D:1      | Reached XP level 2. HP: 24/26 MP: 1/7
   360 | D:2      | Found a sacrificial altar of Ru.
   376 | D:2      | Learned a level 2 spell: Song of Slaying
   393 | D:2      | Reached skill level 5 in Spellcasting
   393 | D:2      | Reached XP level 3. HP: 6/31 MP: 3/9
   397 | D:2      | Learned a level 2 spell: Shroud of Golubria
   406 | D:2      | Learned a level 3 spell: Regeneration
   412 | D:2      | Reached skill level 1 in Short Blades
   412 | D:2      | Reached skill level 1 in Long Blades
   412 | D:2      | Reached skill level 1 in Maces & Flails
   412 | D:2      | Reached skill level 1 in Polearms
   412 | D:2      | Reached skill level 1 in Staves
   412 | D:2      | Reached skill level 1 in Slings
   412 | D:2      | Reached skill level 1 in Bows
   412 | D:2      | Reached skill level 1 in Crossbows
   412 | D:2      | Reached skill level 1 in Throwing
   412 | D:2      | Reached skill level 1 in Stealth
   412 | D:2      | Reached skill level 1 in Shields
   412 | D:2      | Reached skill level 1 in Unarmed Combat
   412 | D:2      | Reached skill level 1 in Conjurations
   412 | D:2      | Reached skill level 1 in Hexes
   412 | D:2      | Reached skill level 1 in Summonings
   412 | D:2      | Reached skill level 1 in Necromancy
   412 | D:2      | Reached skill level 1 in Translocations
   412 | D:2      | Reached skill level 1 in Transmutations
   412 | D:2      | Reached skill level 1 in Fire Magic
   412 | D:2      | Reached skill level 1 in Ice Magic
   412 | D:2      | Reached skill level 1 in Air Magic
   412 | D:2      | Reached skill level 1 in Earth Magic
   412 | D:2      | Reached skill level 1 in Poison Magic
   412 | D:2      | Reached skill level 1 in Invocations
   412 | D:2      | Reached skill level 1 in Evocations
   417 | D:2      | Learned a level 3 spell: Spectral Weapon
   516 | D:2      | Reached XP level 4. HP: 38/38 MP: 7/11
   645 | D:3      | Noticed Jessica
   651 | D:3      | Killed Jessica
   754 | D:3      | Noticed Natasha
   761 | D:3      | Killed Natasha
   761 | D:3      | Reached XP level 5. HP: 22/43 MP: 6/12
   768 | D:3      | Found a white marble altar of Elyvilon.
   955 | D:4      | Reached skill level 3 in Armour
  1048 | D:4      | Reached XP level 6. HP: 22/50 MP: 9/13
  1112 | D:4      | Found a shadowy altar of Dithmenos.
  1157 | D:5      | Entered Level 5 of the Dungeon
  1172 | D:5      | Reached skill level 5 in Fighting
  1172 | D:5      | Reached skill level 2 in Short Blades
  1172 | D:5      | Reached skill level 2 in Long Blades
  1172 | D:5      | Reached skill level 5 in Axes
  1172 | D:5      | Reached skill level 2 in Maces & Flails
  1172 | D:5      | Reached skill level 2 in Polearms
  1172 | D:5      | Reached skill level 2 in Staves
  1172 | D:5      | Reached skill level 2 in Slings
  1172 | D:5      | Reached skill level 2 in Bows
  1172 | D:5      | Reached skill level 2 in Crossbows
  1172 | D:5      | Reached skill level 2 in Throwing
  1172 | D:5      | Reached skill level 5 in Dodging
  1172 | D:5      | Reached skill level 2 in Stealth
  1172 | D:5      | Reached skill level 2 in Shields
  1172 | D:5      | Reached skill level 2 in Unarmed Combat
  1172 | D:5      | Reached skill level 2 in Conjurations
  1172 | D:5      | Reached skill level 2 in Hexes
  1172 | D:5      | Reached skill level 2 in Summonings
  1172 | D:5      | Reached skill level 2 in Necromancy
  1172 | D:5      | Reached skill level 2 in Translocations
  1172 | D:5      | Reached skill level 2 in Transmutations
  1172 | D:5      | Reached skill level 2 in Fire Magic
  1172 | D:5      | Reached skill level 2 in Ice Magic
  1172 | D:5      | Reached skill level 2 in Air Magic
  1172 | D:5      | Reached skill level 2 in Earth Magic
  1172 | D:5      | Reached skill level 2 in Poison Magic
  1172 | D:5      | Reached skill level 2 in Invocations
  1172 | D:5      | Reached skill level 2 in Evocations
  1395 | D:6      | Reached XP level 7. HP: 51/56 MP: 12/15
  1450 | D:6      | Reached skill level 7 in Charms
  1471 | D:6      | Found a shadowy altar of Dithmenos.
  1544 | D:6      | Quit the game

Vault maps used:
D:1:      onia_arrival_larder
D:2:      nicolae_ru_awakened_eye
D:3:      lemuel_doored_altar, fountainhead, grunt_ministairs_14, uniq_jessica,
          uniq_natasha
D:4:      lemuel_round_altar
D:5:      first_bread
D:6:      minmay_temple_entry_poolview, cheibrodos_sewer_entry_bend,
          nicolae_dithmenos_shadow_blocks

Skill      XL: |  1  2  3  4  5  6  7 |
---------------+----------------------+-----
Spellcasting   | 5 |  5.7
Short Blades   | 1 2 |  2.6
Long Blades    | 1 2 |  2.6
Maces & Flails | 1 2 |  2.6
Polearms       | 1 2 |  2.6
Staves         | 1 2 |  2.6
Slings         | 1 2 |  2.6
Bows           | 1 2 |  2.6
Crossbows      | 1 2 |  2.6
Throwing       | 1 2 |  2.6
Stealth        | 1 2 |  2.6
Shields        | 1 2 |  2.6
Unarmed Combat | 1 2 |  2.6
Conjurations   | 1 2 |  2.6
Hexes          | 1 2 |  2.6
Summonings     | 1 2 |  2.6
Necromancy     | 1 2 |  2.6
Translocations | 1 2 |  2.6
Transmutations | 1 2 |  2.6
Fire Magic     | 1 2 |  2.6
Ice Magic      | 1 2 |  2.6
Air Magic      | 1 2 |  2.6
Earth Magic    | 1 2 |  2.6
Poison Magic   | 1 2 |  2.6
Invocations    | 1 2 |  2.6
Evocations     | 1 2 |  2.6
Armour         | 3 |  3.7
Fighting       | 5 |  5.3
Axes           | 5 |  5.3
Dodging        | 5 |  5.3
Charms         | 7 |  7.1

Action                   |  1- 3 |  4- 6 |  7- 9 || total
-------------------------+-------+-------+-------++-------
Melee: Hand axe          |    42 |       |       ||    42
       Bite              |    12 |     7 |       ||    19
       Bardiche          |    28 |    84 |    22 ||   134
 Cast: Infusion          |     7 |     1 |       ||     8
       Spectral Weapon   |     2 |    15 |     4 ||    21
       Regeneration      |     1 |     2 |       ||     3
       Shroud of Golubri |       |     1 |       ||     1
  Use: Scroll            |     3 |     3 |       ||     6
  Eat: Chunk             |       |     3 |     1 ||     4
Armor: Ring mail         |    39 |    35 |     5 ||    79
       Leather armour    |     1 |       |       ||     1
Dodge: Dodged            |    64 |    98 |    31 ||   193

Table legend:
 A = Spawn XP
 B = Non-spawn XP
 C = Spawn XP percentage of total XP
 D = Spawn monster count
 E = Non-spawn monster count
 F = Spawn count percentage of total count
 G = Total turns spent on level
                    A         B        C        D         E        F      G
               +---------+---------+-------+---------+---------+-------+---------
         Total |       0 |    1099 |   0.0 |       0 |      65 |   0.0 |  1544
               +---------+---------+-------+---------+---------+-------+---------
           D:1 |       0 |      25 |   0.0 |       0 |      16 |   0.0 |   305
           D:2 |       0 |      67 |   0.0 |       0 |      12 |   0.0 |   340
           D:3 |       0 |      99 |   0.0 |       0 |      10 |   0.0 |   159
           D:4 |       0 |     183 |   0.0 |       0 |      12 |   0.0 |   353
           D:5 |       0 |     181 |   0.0 |       0 |       5 |   0.0 |   164
           D:6 |       0 |     544 |   0.0 |       0 |      10 |   0.0 |   223
               +---------+---------+-------+---------+---------+-------+---------

Table legend:
 A = Turns spent in this place as a percentage of turns spent in the entire game.
 B = Non-inter-level travel turns spent in this place as a percentage of non-inter-level travel turns spent in the entire game.
 C = Inter-level travel turns spent in this place as a percentage of turns spent in this place.
 D = Turns resting spent in this place as a percentage of non-inter-level travel turns spent in this place.
 E = Turns spent auto-exploring this place as a percentage of non-inter-level travel turns spent in this place.
 F = Non-inter-level travel turns spent in this place divided by the number of levels of this place that you've seen.
                   A       B       C       D       E      F
               +-------+-------+-------+-------+-------+----------------------
         Total | 100.0 | 100.0 |   1.2 |   0.0 |   0.0 | 254.3
       Dungeon | 100.0 | 100.0 |   1.2 |   0.0 |   0.0 | 254.3
               +-------+-------+-------+-------+-------+----------------------

Table legend:
 A = Kills in this place as a percentage of kills in entire the game.
 B = Kills by you in this place as a percentage of kills by you in the entire game.
 C = Kills by friends in this place as a percentage of kills by friends in the entire game.
 D = Other kills in this place as a percentage of other kills in the entire game.
 E = Experience gained in this place as a percentage of experience gained in the entire game.
 F = Experience gained in this place divided by the number of levels of this place that you have seen.
                   A       B       C       D       E      F
               +-------+-------+-------+-------+-------+----------------------
         Total | 100.0 | 100.0 |   N/A |   N/A | 100.0 | 183.2
       Dungeon | 100.0 | 100.0 |   N/A |   N/A | 100.0 | 183.2
               +-------+-------+-------+-------+-------+----------------------

Vault maps used:
D:1:      onia_arrival_larder
D:2:      nicolae_ru_awakened_eye
D:3:      lemuel_doored_altar, fountainhead, grunt_ministairs_14, uniq_jessica,
          uniq_natasha
D:4:      lemuel_round_altar
D:5:      first_bread
D:6:      minmay_temple_entry_poolview, cheibrodos_sewer_entry_bend,
          nicolae_dithmenos_shadow_blocks
